 Dungeon Crawl Stone Soup version bcrawl-1.21.2-1-g32d02e0829 (webtiles) character file.

Game seed: 7855576118361850655

366 Foic the Caller (level 6, -15/47 HPs)
             Began as a Demigod Summoner on Feb 19, 2020.
             Demolished by a two-headed ogre
             ... wielding a +0 giant club
              (25 damage)
             ... on level 4 of the Dungeon.
             The game lasted 00:29:34 (4829 turns).

Foic the Caller (Demigod Summoner)                  Turns: 4829, Time: 00:29:34

Health: -15/47     AC:  4    Str: 12    XL:     6   Next: 40%
Magic:  9/14       EV: 12    Int: 23    God:    Demigod [**....]
Gold:   427        SH:  2    Dex: 17    Spells: 6/12 levels left

rFire    + . .     SeeInvis .   w - staff of fire
rCold    . . .     Gourm    .   (no shield)
rNeg     . . .     Faith    .   u - +0 leather armour
rPois    .         Spirit   .   (no helmet)
rElec    .         Reflect  +   (no cloak)
rCorr    .         Harm     .   l - +0 pair of gloves
MR       +....                  (no boots)
Stlth    ++........             d - +2 amulet of reflection
HPRegen  0.15/turn              y - ring of protection from magic
MPRegen  0.14/turn              (no ring)

@: no status effects
A: high mp 1
a: Temporal Distortion, Growth


You were on level 4 of the Dungeon.
You worshipped Demigod.
Demigod was pleased with you.
You were not hungry.

You visited 1 branch of the dungeon, and saw 5 of its levels.

You collected 427 gold pieces.

Inventory:

Hand Weapons
 f - a +0 short sword
 D - a +7 flail of protection
Missiles
 b - 1464 stones (quivered)
 h - 172 arrows
 r - 799 sling bullets
Armour
 a - a +0 robe
 i - a +0 ring mail
 l - a +0 pair of gloves (worn)
 p - a +0 scale mail
 t - a scarf of spirit shield
 u - a +0 leather armour (worn)
 C - a +0 plate armour
Magical Staves
 w - an uncursed staff of fire (weapon)
Jewellery
 d - a +2 amulet of reflection (around neck)
 y - a ring of protection from magic (left hand)
Scrolls
 c - a scroll of summoning
 j - 2 scrolls of teleportation
 o - 3 scrolls of magic mapping
 q - a scroll of fog {unknown}
 s - a scroll of fear {unknown}
 z - a scroll of enchant weapon {unknown}
 B - 2 scrolls of remove curse {unknown}
Potions
 g - a potion of brilliance {unknown}
 k - a potion of lignification {unknown}
 m - 2 potions of agility {unknown}
 n - 2 potions of degeneration {unknown}
 v - 2 potions of mutation {unknown}
 x - 2 potions of curing {unknown}
 E - a potion of heal wounds {unknown}
Comestibles
 e - 9 rations {!d}


   Skills:
 + Level 1.4 Fighting
 + Level 0.6 Armour
 + Level 1.8 Dodging
 + Level 2.6 Stealth
 + Level 3.7 Spellcasting
 + Level 5.3 Summonings


You had 6 spell levels left.
You knew the following spells:

 Your Spells              Type           Power        Failure   Level  Hunger
a - Summon Small Mammal   Summ           ####         1%          1    None
b - Call Imp              Summ           ####..       2%          2    #......
c - Call Canine Familiar  Summ           ####....     4%          3    ###....

Your spell library contained the following spells:

 Spells                   Type           Power        Failure   Level  Hunger
 Summon Ice Beast         Ice/Summ       ###.....     41%         4    ####...
 Summon Lightning Spire   Summ/Air       ###.....     77%         5    ######.


Dungeon Overview and Level Annotations

Branches:
Dungeon (5/12)
 Temple: D:4-7

Annotations:
D:5 Ijyb


Innate Abilities, Weirdness & Mutations

You have an increased reservoir of magic. (+10% MP)


Message History

Your hound barely misses the orc.
The two-headed ogre hits you with a +0 giant club!!
The two-headed ogre hits your hound with a +0 giant club!
The two-headed ogre hits you with a +0 giant spiked club!
* * * LOW HITPOINT WARNING * * *
The two-headed ogre hits your hound with a +0 giant spiked club!
Your hound dies!
Your hound's corpse disappears in a puff of smoke!
You block the orc's attack.
The orc shouts!
You climb upwards.
There is a stone staircase leading down here.
Things that are here:
a +0 ring mail; a +0 whip of electrocution
Casting: Call Canine Familiar (safe; 4% risk of failure)
Confirm with . or Enter, or press ? or * to list all spells.
The two-headed ogre hits you with a +0 giant club!!
Ouch! That really hurt!
You die...
Your divinity fades.

#################################
................>................
.###############[################
.# #......# #.# #... .# #.####.#
#.# #... .# #.#..#.# #.# #... .#
#.#..#.# #.# #... .######.#..#.#
#O########### #(.> ........#..#.#
#@##........###... #########§.#.#
#.h............... #......)#.#
####............## #.........#
########.....## ###########
#..≈≈.≈≈ ###..≈#'#≈ #....≈#_#≈
#....≈#'#≈ #....≈≈.≈≈


You could see a two-headed ogre and a friendly hound.

Vanquished Creatures (collateral kills)
  A hippogriff (D:4)
  Edmund (D:4)
  2 ogres (D:4)
  A scorpion (D:4)
  A worker ant (D:4)
  An orc wizard (D:4)
  A hound skeleton (D:4)
  5 adders
  An ooze (D:3)
  An adder skeleton (D:4)
  A worm (D:3)
  3 dart slugs
  4 leopard geckos
  8 orcs
  8 bats
  3 giant cockroaches (D:1)
  3 goblins
  7 hobgoblins
  7 jackals
  2 quokkas
  4 frilled lizards
  7 kobolds
  7 rats
79 creatures vanquished.

Notes
Turn   | Place    | Note
-------+----------+-------------------------------------------
     0 | D:1      | Foic the Demigod Summoner began the quest for the Orb.
     0 | D:1      | Reached XP level 1. HP: 14/14 MP: 5/5
   366 | D:1      | Reached XP level 2. HP: 20/20 MP: 4/7
   400 | D:1      | Learned a level 2 spell: Call Imp
  1044 | D:1      | Reached skill level 4 in Summonings
  1622 | D:2      | Reached * piety under Demigod
  1715 | D:2      | Reached XP level 3. HP: 27/27 MP: 4/8
  1819 | D:2      | Learned a level 3 spell: Call Canine Familiar
  3002 | D:3      | Reached XP level 4. HP: 34/34 MP: 6/10
  3589 | D:4      | Reached skill level 1 in Fighting
  3647 | D:4      | Found a shimmering altar of Xom.
  3682 | D:4      | Noticed a hippogriff
  3870 | D:4      | Killed a hippogriff
  3870 | D:4      | Reached XP level 5. HP: 40/40 MP: 1/12
  3993 | D:4      | Noticed an ogre
  4033 | D:4      | Killed an ogre
  4033 | D:4      | Reached ** piety under Demigod
  4153 | D:4      | Noticed Edmund
  4385 | D:4      | Killed Edmund
  4385 | D:4      | Reached skill level 5 in Summonings
  4385 | D:4      | Reached XP level 6. HP: 47/47 MP: 1/14
  4674 | D:5      | Entered Level 5 of the Dungeon
  4698 | D:5      | Noticed a two-headed ogre
  4743 | D:5      | Noticed Ijyb
  4829 | D:4      | Demolished by a two-headed ogre

Skill      XL: |  1  2  3  4  5 |
---------------+----------------+-----
Spellcasting   | 2 3 |  3.7
Summonings     | 4 5 |  5.3
Fighting       | 1 |  1.4
Armour         | |  0.6
Dodging        | |  1.8
Stealth        | |  2.6

Action                   |  1- 3 |  4- 6 || total
-------------------------+-------+-------++-------
 Cast: Summon Small Mamm |    62 |    12 ||    74
       Call Imp          |    16 |     7 ||    23
       Call Canine Famil |    11 |    29 ||    40
  Use: Scroll            |     4 |     2 ||     6
  Eat: Chunk             |     9 |     7 ||    16
       Ration            |       |     1 ||     1
Armor: Robe              |    14 |       ||    14
       Leather armour    |     6 |     1 ||     7
Dodge: Dodged            |    32 |    11 ||    43
Block: Other             |       |     1 ||     1
